 Dungeon Crawl Stone Soup version 0.19-a0-867-g949743d (webtiles) character file.

156 matakusis the Ducker (level 5, 0/41 HPs)
             Began as a Demonspawn Gladiator on July 3, 2016.
             Slain by Sigmund
             ... wielding a +0 vampiric scythe
              (7 damage)
             ... on level 3 of the Dungeon.
             The game lasted 00:06:39 (2197 turns).

matakusis the Ducker (Demonspawn Gladiator)         Turns: 2197, Time: 00:06:40

Health: 0/41       AC:  4    Str: 20    XL:     5   Next: 14%
Magic:  5/5        EV: 15    Int:  9    God:
Gold:   163        SH:  5    Dex: 15    Spells: 0 memorised, 4 levels left

rFire  . . .     SeeInvis .     a - +1 long sword
rCold  . . .     Gourm    .     b - +0 leather armour
rNeg   + . .     Faith    .     n - +1 buckler
rPois  .         Spirit   .     c - +0 helmet
rElec  .         Dismiss  .     (no cloak)
rCorr  .         Reflect  .     (no gloves)
SustAt .         Harm     .     (no boots)
MR     .....                    (no amulet)
Stlth  +.........               (no ring)
                                l - ring of positive energy

@: mighty, not resistant to hostile enchantments, very unstealthy
A: talons 1, repulsion field 1, demonic guardian 1
a: no special abilities


You were on level 3 of the Dungeon.
You were not hungry.

You visited 1 branch of the dungeon, and saw 3 of its levels.

You collected 163 gold pieces.

Inventory:

Hand Weapons
 a - a +1 long sword (weapon)
Missiles
 d - 4 throwing nets (quivered)
Armour
 b - a +0 leather armour (worn)
 c - a +0 helmet (worn)
 n - a +1 buckler (worn)
Jewellery
 l - a ring of positive energy (left hand)
Scrolls
 i - a scroll of enchant weapon
Potions
 e - a potion of cancellation
 h - a potion of flight {unknown}
 p - 2 potions of brilliance
 t - a potion of resistance
Comestibles
 f - 3 bread rations
 k - 2 slices of pizza
 s - 3 meat rations


   Skills:
 * Level 3.3 Fighting
 + Level 3.1 Long Blades
 + Level 2.0 Throwing
 - Level 0.3 Armour
 * Level 3.9 Dodging
 + Level 0.6 Stealth
 * Level 1.0 Shields


You had 4 spell levels left.
You didn't know any spells.

Dungeon Overview and Level Annotations

Branches:
Dungeon (3/15)

Altars:

Annotations:
D:3 Sigmund


Innate Abilities, Weirdness & Mutations

You have sharp toenails.
You are surrounded by a mild repulsion field. (EV +2)
A weak demonic guardian rushes to your aid.


Message History

Natasha is almost dead.
Natasha misses you.
You riposte.
You hit Natasha but do no damage. Your kick misses Natasha.
Natasha is almost dead.
Something hits you!
* * * LOW HITPOINT WARNING * * *
Your crimson imp hits Natasha.
Natasha dies!
Natasha growls in agony!
Your Shields skill increases to level 1!
You have reached level 5!
Your crimson imp blinks!
You feel better.
You hear some strange, mumbled words.
A puff of flame appears from out of thin air!
The puff of flame hits you!
* * * LOW HITPOINT WARNING * * *
You feel very mighty all of a sudden. Something hits you!
You die...

### #. #.. .. #.# . ######
#.#.# .....# ######.#.#
####.# #........# # #.#
#.####.### .# ## #.# #.#
#.# ..# .# #.# #.#
#@###...## .###.# #.#
#...5....# .....# ##.##
###h......#
.#########...####.........
.......)........+.........
..########...####.........
..# #..## ##......$# #.#
#.## ##.....## ..# ..#
#...##


You could see a jackal and a friendly crimson imp.

Vanquished Creatures
  5 adders
  A gnoll (D:1)
  An ooze (D:2)
  A worm (D:3)
  A dart slug (D:1)
  2 giant geckos (D:1)
  An orc (D:3)
  6 bats
  A giant cockroach (D:1)
  8 hobgoblins
  5 giant newts
  4 goblins
  7 kobolds
  6 rats
49 creatures vanquished.

Vanquished Creatures (collateral kills)
  Natasha (twice) (D:3)
2 creatures vanquished.

Grand Total: 51 creatures vanquished

Notes
Turn   | Place    | Note
-------+----------+-------------------------------------------
     0 | D:1      | matakusis the Demonspawn Gladiator began the quest for the Orb.
     0 | D:1      | Reached XP level 1. HP: 16/16 MP: 1/1
   245 | D:1      | Gained mutation: A weak demonic guardian rushes to your aid. [demonic ancestry]
   245 | D:1      | Reached XP level 2. HP: 6/22 MP: 2/2
   690 | D:1      | Gained mutation: You are surrounded by a mild repulsion field. (EV +2) [demonic ancestry]
   690 | D:1      | Reached XP level 3. HP: 24/28 MP: 3/3
  1315 | D:2      | Gained mutation: You have sharp toenails. [demonic ancestry]
  1315 | D:2      | Reached XP level 4. HP: 28/34 MP: 4/4
  1896 | D:3      | Noticed Natasha
  1900 | D:3      | Killed Natasha
  2187 | D:3      | Noticed Natasha
  2188 | D:3      | Noticed Sigmund
  2193 | D:3      | Killed Natasha
  2193 | D:3      | Reached skill level 1 in Shields
  2193 | D:3      | Reached XP level 5. HP: 6/41 MP: 5/5
  2197 | D:3      | Slain by Sigmund

Vault maps used:
D:1:      dpeg_arrival_three_same_balls
D:2:      first_bread
D:3:      portal_sewer_entry_e, uniq_robin, uniq_natasha, uniq_sigmund

Skill      XL: |  1  2  3  4 |
---------------+-------------+-----
Dodging        | 3 |  3.9
Long Blades    | 3 |  3.1
Throwing       | 2 |  2.0
Fighting       | 3 |  3.3
Shields        | 1 |  1.0
Armour         | |  0.3
Stealth        | |  0.6

Action                   |  1- 3 |  4- 6 || total
-------------------------+-------+-------++-------
Melee: Long sword        |   103 |    72 ||   175
       Kick              |       |    24 ||    24
  Use: Scroll            |       |     9 ||     9
       Potion            |       |     4 ||     4
 Stab: Sleeping          |       |     1 ||     1
  Eat: Chunk             |     1 |     3 ||     4
Armor: Leather armour    |    24 |     9 ||    33
Dodge: Dodged            |    67 |    28 ||    95
Block: Buckler           |     1 |    11 ||    12
